 Dungeon Crawl Stone Soup version 0.31.0-11-ge490571c62 (webtiles) character file.

Game seed: 12161733386025366448

21 Zeor the Trooper (level 3, 29/29 HPs)
             Began as a Formicid Monk on Feb 1, 2024.
             Quit the game on level 1 of the Dungeon.
             The game lasted 00:02:31 (709 turns).

Zeor the Trooper (Formicid Monk)                     Turns: 709, Time: 00:02:32

Health: 29/29      AC:  2    Str: 17    XL:     3   Next: 2%
Magic:  3/3        EV: 13    Int:  9    God:
Gold:   43         SH:  0    Dex: 16    Spells: 2/2 levels left

rFire   . . .        a - +0 spear
rCold   . . .        d - orb {light}
rNeg    . . .        b - +0 robe
rPois   .            (helmet unavailable)
rElec   .            (no cloak)
rCorr   .            (no gloves)
SInv    +            (no boots)
Will    .....        (no amulet)
Stlth   +            (no ring)
HPRegen 0.24/turn    (no ring)
MPRegen 0.08/turn

%: no passive effects
@: glowing
A: permanent stasis, dig shafts and tunnels, antennae 3, four strong arms
a: Dig, Shaft Self


You were on level 1 of the Dungeon.
You visited 1 branch of the dungeon, and saw 1 of its levels.

You collected 43 gold pieces.

Inventory:

Hand Weapons
 a - a +0 spear (weapon)
Armour
 b - a +0 robe (worn)
 d - an orb of light (worn)
Scrolls
 k - a scroll of fog {unknown}
 l - a scroll of identify {unknown}
Potions
 c - a potion of ambrosia
 e - a potion of lignification {unknown}
 f - a potion of curing {unknown}
 g - a potion of brilliance {unknown}
 h - a potion of mutation {unknown}


   Skills:
 * Level 3.6 Fighting
 * Level 3.4 Polearms
 + Level 2.9 Dodging
 + Level 0.3 Stealth


You had 2 spell levels left.
You didn't know any spells.
Your spell library was empty.

Dungeon Overview and Level Annotations

Branches:
Dungeon (1/15)

Altars:


Innate Abilities, Weirdness & Mutations

You cannot be hasted, slowed, berserked, paralysed or teleported.
You can dig through walls and to a lower floor.
You have a pair of large antennae on your head. (SInv)
Your four strong arms can wield two-handed weapons with a shield.


Message History

You hit the hobgoblin but do no damage.
The hobgoblin is lightly wounded.
The hobgoblin barely misses you.
You hit the hobgoblin but do no damage.
The hobgoblin is lightly wounded.
The hobgoblin hits you.
You hit the hobgoblin but do no damage.
The hobgoblin is lightly wounded.
You hit the hobgoblin.
The hobgoblin is heavily wounded.
The hobgoblin closely misses you.
You hit the hobgoblin.
The hobgoblin is severely wounded.
The hobgoblin barely misses you.
You hit the hobgoblin.
You kill the hobgoblin!
You have reached level 3!
Your experience leads to an increase in your attributes!
Increase (S)trength, (I)ntelligence, or (D)exterity?
You feel stronger. x2
Things that are here:
a +2 short sword of freezing; a kobold corpse You start resting.
Your butterfly disappears in a burst of colours! x3
HP restored.
Found a stone staircase leading down.
You sense a monster nearby.
You now have 43 gold pieces (gained 14).
A ball python comes into view.
The ball python hisses angrily.
You puncture the ball python!
You kill the ball python!
Found a stone staircase leading down.
There is a stone staircase leading down here.
You see here a +0 dagger.
There is a stone staircase leading down here.
You sense a monster nearby.
Enter note: swird........
Enter note: heart attack aaeauagh like my win rate can get any worse really Are you sure you want to abandon this character and quit the game? (Confirm with "yes".)

▒▒∙∙∙▒∙▒∙▒▒▒∙▒ ▒∙∙∙▒ ▒∙▒
▒∙▒ ▒∙∙▒∙∙∙∙▒ ▒∙▒ ▒▒∙▒♣
▒∙▒ ▒∙▒ ▒▒▒∙∙▒▒∙▒∙▒ ▒∙▒
▒∙♣ ▒∙▒ ▒∙▒ ∙∙∙∙∙∙∙∙▒(▒
▒∙▒ ▒♣♣ ♣∙▒ ▒∙▒
▒▒▒∙∙▒▒▒▒∙▒ ▒∙▒ {
♣▒▒▒▒▒∙∙ ∙∙∙∙∙▒ ▒∙▒ ▒∙▒
♣∙∙∙∙∙∙∙
∙▒▒∙▒▒▒▒▒∙▒▒▒∙▒▒▒▒♣♣ P
♣▒▒▒▒▒▒∙
∙∙▒∙∙∙∙∙∙∙∙∙∙∙∙∙∙∙∙♣∙P∙∙
▒∙ ∙∙▒∙▒▒▒▒▒∙▒▒▒▒▒▒B∙∙∙♣
▒∙ ∙∙P∙▒ ▒▒▒▒▒▒ ▒∙
PP▒∙▒▒▒▒▒∙ ▒▒▒▒▒ ▒∙


∙∙∙∙∙∙∙∙∙∙∙ {▒∙∙∙▒▒▒▒∙ ∙▒▒∙∙∙∙∙♣∙♣ ♣∙♣∙∙∙÷∙∙ ∙▒▒∙▒▒∙♣∙∙∙ ♣∙♣▒▒▒▒∙▒ ∙∙∙∙∙>∙♣ ∙P
♣∙♣ ▒∙▒ ∙∙∙∙∙∙∙♣ ♣∙♣ ▒∙▒ ∙▒▒▒▒▒∙♣ ♣∙♣ ▒∙▒ There were no monsters in sight!

Vanquished Creatures
  2 bats (D:1)
  3 endoplasms (D:1)
  A giant cockroach (D:1)
  5 goblins (D:1)
  2 hobgoblins (D:1)
  A kobold (D:1)
  A ball python (D:1)
  A frilled lizard (D:1)
  A rat (D:1)
17 creatures vanquished.

Notes
Turn   | Place    | Note
-------+----------+-------------------------------------------
     0 | D:1      | Zeor the Formicid Monk began the quest for the Orb.
     0 | D:1      | Reached XP level 1. HP: 18/18 MP: 1/1
   175 | D:1      | Reached XP level 2. HP: 24/24 MP: 2/2
   555 | D:1      | Reached XP level 3. HP: 23/29 MP: 3/3
   709 | D:1      | swird........
   709 | D:1      | heart attack aaeauagh like my win rate can get any worse
                  | really
   709 | D:1      | Quit the game

Illustrated notes

▒▒∙∙∙▒∙▒∙▒▒▒∙▒ ▒∙∙∙▒ ▒∙▒
▒∙▒ ▒∙∙▒∙∙∙∙▒ ▒∙▒ ▒▒∙▒♣
▒∙▒ ▒∙▒ ▒▒▒∙∙▒▒∙▒∙▒ ▒∙▒
▒∙♣ ▒∙▒ ▒∙▒ ∙∙∙∙∙∙∙∙▒(▒
▒∙▒ ▒♣♣ ♣∙▒ ▒∙▒
▒▒▒∙∙▒▒▒▒∙▒ ▒∙▒ {
♣▒▒▒▒▒∙∙ ∙∙∙∙∙▒ ▒∙▒ ▒∙▒
♣∙∙∙∙∙∙∙
∙▒▒∙▒▒▒▒▒∙▒▒▒∙▒▒▒▒♣♣ P
♣▒▒▒▒▒▒∙
∙∙▒∙∙∙∙∙∙∙∙∙∙∙∙∙∙∙∙♣∙P∙∙
▒∙ ∙∙▒∙▒▒▒▒▒∙▒▒▒▒▒▒B∙∙∙♣
▒∙ ∙∙P∙▒ ▒▒▒▒▒▒ ▒∙
PP▒∙▒▒▒▒▒∙ ▒▒▒▒▒ ▒∙


∙∙∙∙∙∙∙∙∙∙∙ {▒∙∙∙▒▒▒▒∙ ∙▒▒∙∙∙∙∙♣∙♣ ♣∙♣∙∙∙÷∙∙ ∙▒▒∙▒▒∙♣∙∙∙ ♣∙♣▒▒▒▒∙▒ ∙∙∙∙∙>∙♣ ∙P
♣∙♣ ▒∙▒ ∙∙∙∙∙∙∙♣ ♣∙♣ ▒∙▒ ∙▒▒▒▒▒∙♣ ♣∙♣ ▒∙▒ Turn 709 on D:1: swird........

Levels and vault maps discovered:
D:1:      dpeg_arrival_chambers_temple_mockup, layout_loops_ring, serial_forest,
          infiniplex_forest_end_double, infiniplex_forest_end_2,
          infiniplex_forest_corner_1, infiniplex_forest_clump_tiny,
          infiniplex_forest_zigzag_1, infiniplex_forest_end_3,
          infiniplex_forest_end_3, infiniplex_forest_straight_2

Action                     || total
---------------------------++-------
  Melee: Spear             ||    63
    Use: Scroll            ||     2
 Armour: Robe              ||    21
  Dodge: Dodged            ||    31
